General information
- name: BNet
- type: Ladder team game (AT/RT)
- host: Battle.net
- saver: FromOutONowhere
map: GolemsInTheMist
- players: 8
- length: 27:25
- speed: Fast
- version: 1.26 W3XP
- replay type: Public
» download(162 KB)
Players
team 1 (loser)
Goffie (
blue | 40 APM | 822 actions | 20:34)
5 Keeper of the Grove
3 Entangling Roots
2 Thorns Aura
» actions
| Basic commands | 1 | |
| Build / train | 73 | |
| Enter build submenu | 16 | |
| Enter hero's abilities submenu | 5 | |
| Remove unit from queue | 1 | |
| Right click | 358 | |
| Select / deselect | 335 | |
| Use ability | 33 | |
822 total
» units
| Wisp | 19 | |
| Archer | 24 | |
| Glaive Thrower | 4 | |
| Dryad | 10 | |
57 total
» upgrades
| Strength of the Moon | 1 | |
| Moon Armor | 1 | |
| Vorpal Blades | 1 | |
| Improved Bows | 1 | |
| Marksmanship | 1 | |
| Strength of the Wild | 1 | |
6 total
» buildings
| Altar of Elders | 1 | |
| Moon Well | 6 | |
| Ancient of War | 2 | |
| Hunter's Hall | 1 | |
| Tree of Ages | 1 | |
| Tree of Life | 1 | |
| Tree of Eternity | 1 | |
| Ancient of Lore | 2 | |
| Ancient of Wonders | 1 | |
16 total
» build order
00:07 Altar of Elders
00:22 Moon Well
01:25 Ancient of War
01:37 Moon Well
02:18 Moon Well
03:00 Hunter's Hall
03:19 Moon Well
03:37 Ancient of War
06:34 Tree of Ages
09:09 Tree of Life
09:12 Moon Well
10:27 Moon Well
10:33 Tree of Eternity
11:28 Ancient of Lore
13:45 Ancient of Lore
18:14 Ancient of Wonders
» items

»
Oshlt (
red | 53 APM | 1216 actions | 23:05)
3 Far Seer
1 Feral Spirit
2 Chain Lighting
1 Tauren Chieftain
1 Endurance Aura
» actions
| Basic commands | 54 | |
| Build / train | 96 | |
| ESC pressed | 5 | |
| Enter build submenu | 16 | |
| Enter hero's abilities submenu | 4 | |
| Right click | 660 | |
| Select / deselect | 282 | |
| Use ability | 99 | |
1216 total
» units
| Peon | 17 | |
| Grunt | 8 | |
| Raider | 4 | |
| Kodo Beast | 1 | |
| Demolisher | 2 | |
| Troll Batrider | 19 | |
| Dryad | 11 | |
62 total
» upgrades
| Pillage | 1 | |
| Armor | 2 | |
| Melee Weapons | 1 | |
| Berserker Strength | 1 | |
| Ensnare | 1 | |
6 total
» buildings
| Altar of Storms | 1 | |
| Orc Burrow | 6 | |
| Barracks | 1 | |
| War Mill | 1 | |
| Voodoo Lounge | 1 | |
| Stronghold | 2 | |
| Beastiary | 1 | |
| Great Hall | 2 | |
| Spirit Lodge | 1 | |
| Fortress | 2 | |
18 total
» build order
00:11 Altar of Storms
00:14 Orc Burrow
01:04 Barracks
01:39 War Mill
01:42 Orc Burrow
02:23 Orc Burrow
04:12 Voodoo Lounge
04:19 Orc Burrow
05:36 Stronghold
06:55 Orc Burrow
08:18 Beastiary
09:31 Orc Burrow
13:32 Great Hall
13:53 Spirit Lodge
13:54 Fortress
13:55 Fortress
18:31 Great Hall
» items
| Scroll of Town Portal | 1 | |
| Scroll of Speed | 1 | |
| Potion of Healing | 1 | |
| Scroll of Regeneration | 3 | |
| Lesser Clarity Potion | 3 | |
9 total
Shamwowsam (
purple | 36 APM | 983 actions | 27:22)
2 Warden
1 Fan of Knives
1 Shadow Strike
1 Demon Hunter
1 Evasion
» actions
| Basic commands | 4 | |
| Build / train | 61 | |
| Enter build submenu | 35 | |
| Enter hero's abilities submenu | 3 | |
| Remove unit from queue | 2 | |
| Right click | 504 | |
| Select / deselect | 329 | |
| Use ability | 45 | |
983 total
» units
| Wisp | 18 | |
| Archer | 6 | |
| Huntress | 18 | |
| Druid of the Claw | 1 | |
43 total
» upgrades
| Strength of the Moon | 2 | |
| Moon Armor | 1 | |
| Strength of the Wild | 1 | |
| Reinforced Hides | 1 | |
| Sentinel | 1 | |
| Ultravision | 1 | |
7 total
» buildings
| Moon Well | 8 | |
| Altar of Elders | 2 | |
| Ancient of War | 3 | |
| Hunter's Hall | 2 | |
| Tree of Ages | 1 | |
| Ancient of Lore | 1 | |
| Tree of Life | 2 | |
| Ancient Protector | 6 | |
25 total
» build order
00:26 Moon Well
00:47 Altar of Elders
01:09 Ancient of War
01:49 Moon Well
02:55 Hunter's Hall
03:05 Moon Well
04:07 Moon Well
06:49 Ancient of War
08:37 Tree of Ages
09:13 Moon Well
12:38 Ancient of Lore
14:37 Moon Well
14:42 Moon Well
18:16 Tree of Life
18:26 Ancient of War
20:28 Hunter's Hall
20:32 Moon Well
21:23 Altar of Elders
22:22 Ancient Protector
23:29 Tree of Life
24:00 Ancient Protector
24:11 Ancient Protector
24:21 Ancient Protector
25:00 Ancient Protector
25:05 Ancient Protector
BelligerentMonk (
teal | 57 APM | 1210 actions | 21:03)
5 Mountain King
3 Storm Bolt
2 Bash
» actions
| Assign group hotkey | 14 | |
| Build / train | 73 | |
| Enter build submenu | 48 | |
| Enter hero's abilities submenu | 5 | |
| Give item / drop item | 2 | |
| Remove unit from queue | 5 | |
| Right click | 396 | |
| Select / deselect | 325 | |
| Select group hotkey | 258 | |
| Use ability | 84 | |
1210 total
» units
| Peasant | 13 | |
| Goblin Zeppelin | 1 | |
| Goblin Shredder | 2 | |
| Rifleman | 11 | |
27 total
» upgrades
» buildings
| Lumber Mill | 1 | |
| Scout Tower | 28 | |
| Guard Tower | 22 | |
| Arcane Vault | 2 | |
| Farm | 5 | |
| Arcane Tower | 1 | |
| Altar of Kings | 1 | |
| Barracks | 2 | |
| Blacksmith | 1 | |
| Town Hall | 1 | |
| Keep | 1 | |
65 total
» build order
00:24 Lumber Mill
01:06 Scout Tower
01:09 Scout Tower
01:27 Guard Tower
01:35 Guard Tower
01:42 Scout Tower
02:03 Guard Tower
02:06 Scout Tower
02:24 Guard Tower
02:26 Scout Tower
02:52 Guard Tower
02:56 Scout Tower
03:08 Arcane Vault
03:15 Guard Tower
03:21 Scout Tower
03:33 Farm
03:40 Guard Tower
03:42 Scout Tower
04:01 Guard Tower
04:04 Scout Tower
04:24 Guard Tower
04:29 Scout Tower
04:48 Guard Tower
05:01 Scout Tower
05:15 Guard Tower
05:21 Scout Tower
05:27 Scout Tower
05:39 Scout Tower
05:41 Scout Tower
05:44 Guard Tower
05:47 Scout Tower
06:03 Guard Tower
06:05 Scout Tower
06:10 Scout Tower
06:17 Guard Tower
06:25 Guard Tower
06:31 Scout Tower
06:45 Arcane Tower
06:48 Guard Tower
06:50 Guard Tower
06:54 Scout Tower
07:06 Scout Tower
07:15 Scout Tower
07:21 Guard Tower
07:25 Scout Tower
07:33 Scout Tower
07:49 Farm
07:54 Guard Tower
08:27 Scout Tower
08:35 Guard Tower
08:39 Arcane Tower
08:48 Altar of Kings
08:56 Guard Tower
09:07 Scout Tower
09:25 Guard Tower
09:36 Scout Tower
09:52 Guard Tower
09:54 Scout Tower
10:20 Barracks
10:22 Barracks
10:26 Blacksmith
10:33 Farm
12:27 Farm
12:37 Arcane Vault
13:29 Farm
14:55 Town Hall
20:09 Keep
20:23 Keep
» items
| Scroll of Regeneration | 2 | |
| Potion of Healing | 2 | |
| Potion of Mana | 1 | |
| Healing Salve | 1 | |
| Orb of Lightning | 1 | |
| Scroll of Town Portal | 1 | |
8 total
team 2 (winner)
acidbath (
yellow | 51 APM | 1393 actions | 27:22)
7 Death Knight
3 Death Coil
3 Unholy Aura
1 Animate Dead
5 Lich
2 Frost Nova
3 Frost Armor
» actions
| Assign group hotkey | 39 | |
| Basic commands | 1 | |
| Build / train | 65 | |
| Enter build submenu | 25 | |
| Enter hero's abilities submenu | 12 | |
| Give item / drop item | 1 | |
| Remove unit from queue | 1 | |
| Right click | 783 | |
| Select / deselect | 306 | |
| Select group hotkey | 81 | |
| Use ability | 79 | |
1393 total
» units
| Acolyte | 6 | |
| Ghoul | 6 | |
| Crypt Fiend | 10 | |
| Frost Wyrm | 5 | |
27 total
» upgrades
| Creature Attack | 3 | |
| Creature Carapace | 3 | |
| Web | 1 | |
| Cannibalize | 0 | |
| Burrow | 1 | |
| Freezing Breath | 1 | |
9 total
» buildings
| Crypt | 2 | |
| Ziggurat | 9 | |
| Altar of Darkness | 1 | |
| Graveyard | 1 | |
| Tomb of Relics | 1 | |
| Halls of the Dead | 1 | |
| Black Citadel | 1 | |
| Sacrificial Pit | 1 | |
| Boneyard | 3 | |
| Spirit Tower | 3 | |
23 total
» build order
00:12 Crypt
00:13 Ziggurat
00:46 Altar of Darkness
01:05 Graveyard
01:53 Tomb of Relics
02:15 Ziggurat
05:16 Ziggurat
05:21 Crypt
07:22 Ziggurat
07:42 Halls of the Dead
11:31 Ziggurat
11:37 Black Citadel
12:21 Sacrificial Pit
13:22 Ziggurat
14:00 Boneyard
14:02 Boneyard
14:17 Boneyard
16:21 Ziggurat
16:56 Ziggurat
19:30 Ziggurat
21:51 Spirit Tower
21:52 Spirit Tower
21:54 Spirit Tower
» items
| Rod of Necromancy | 1 | |
| Scroll of Regeneration | 5 | |
| Potion of Healing | 2 | |
| Scroll of Town Portal | 1 | |
9 total
FromOutONowhere (
orange | 77 APM | 2104 actions | 27:25)
8 Blood Mage
3 Flame Strike
3 Siphon Mana
1 Summon Phoenix
1 Banish
» actions
| Assign group hotkey | 77 | |
| Basic commands | 62 | |
| Build / train | 92 | |
| Enter build submenu | 40 | |
| Enter hero's abilities submenu | 8 | |
| Remove unit from queue | 1 | |
| Right click | 944 | |
| Select / deselect | 512 | |
| Select group hotkey | 238 | |
| Use ability | 130 | |
2104 total
» units
| Peasant | 12 | |
| Footman | 5 | |
| Goblin Shredder | 4 | |
| Sorceress | 2 | |
| Rifleman | 12 | |
| Priest | 4 | |
39 total
» upgrades
| Lumber Harvesting | 1 | |
| Masonry | 3 | |
| Sorceress Training | 1 | |
| Gunpowder | 3 | |
| Long Rifles | 1 | |
| Priest Training | 2 | |
| Armor | 3 | |
| Defend | 0 | |
| Magic Sentry | 1 | |
15 total
» buildings
| Altar of Kings | 1 | |
| Barracks | 2 | |
| Farm | 9 | |
| Keep | 1 | |
| Arcane Vault | 1 | |
| Lumber Mill | 2 | |
| Town Hall | 3 | |
| Scout Tower | 18 | |
| Arcane Sanctum | 2 | |
| Blacksmith | 1 | |
| Guard Tower | 12 | |
| Castle | 1 | |
| Workshop | 1 | |
54 total
» build order
00:38 Altar of Kings
00:40 Barracks
00:59 Farm
01:05 Farm
01:06 Farm
01:39 Farm
01:40 Farm
03:56 Keep
05:59 Arcane Vault
06:02 Lumber Mill
06:16 Town Hall
06:19 Scout Tower
06:20 Scout Tower
06:24 Scout Tower
06:35 Arcane Sanctum
06:54 Barracks
06:57 Blacksmith
06:59 Farm
07:00 Farm
07:20 Guard Tower
07:29 Guard Tower
08:03 Guard Tower
08:17 Scout Tower
08:18 Scout Tower
08:20 Scout Tower
08:44 Scout Tower
08:45 Scout Tower
08:47 Scout Tower
08:47 Scout Tower
08:52 Lumber Mill
09:02 Guard Tower
09:03 Guard Tower
09:03 Guard Tower
09:10 Guard Tower
10:43 Guard Tower
11:13 Scout Tower
11:13 Scout Tower
11:14 Scout Tower
12:22 Arcane Sanctum
12:36 Castle
13:29 Guard Tower
13:49 Scout Tower
13:51 Workshop
16:19 Scout Tower
16:34 Farm
17:17 Farm
18:23 Guard Tower
18:24 Scout Tower
18:24 Scout Tower
18:25 Scout Tower
22:19 Town Hall
26:07 Guard Tower
26:14 Town Hall
» items
| Scroll of Regeneration | 2 | |
| Potion of Mana | 2 | |
| Lesser Clarity Potion | 2 | |
| Scroll of Town Portal | 3 | |
| Potion of Healing | 5 | |
14 total

»
Blade (
pink | 58 APM | 451 actions | 07:47)
2 Death Knight
1 Death Coil
1 Unholy Aura
» actions
| Assign group hotkey | 13 | |
| Basic commands | 63 | |
| Build / train | 18 | |
| Enter build submenu | 11 | |
| Enter hero's abilities submenu | 2 | |
| Right click | 194 | |
| Select / deselect | 65 | |
| Select group hotkey | 58 | |
| Use ability | 27 | |
451 total
» units
| Acolyte | 4 | |
| Ghoul | 4 | |
| Crypt Fiend | 2 | |
10 total
» buildings
| Altar of Darkness | 1 | |
| Ziggurat | 5 | |
| Crypt | 2 | |
| Graveyard | 1 | |
| Nerubian Tower | 1 | |
| Tomb of Relics | 1 | |
| Spirit Tower | 2 | |
13 total
» build order
00:30 Altar of Darkness
00:33 Ziggurat
00:38 Crypt
00:58 Graveyard
01:25 Nerubian Tower
01:39 Crypt
01:45 Tomb of Relics
02:25 Ziggurat
05:11 Spirit Tower
05:36 Ziggurat
05:44 Ziggurat
05:54 Ziggurat
06:46 Spirit Tower
» items

»
hiema (
green | 25 APM | 691 actions | 27:22)
7 Blademaster
3 Wind Walk
3 Critical Strike
1 Bladestorm
» actions
| Assign group hotkey | 16 | |
| Basic commands | 52 | |
| Build / train | 85 | |
| Enter build submenu | 16 | |
| Enter hero's abilities submenu | 7 | |
| Remove unit from queue | 8 | |
| Right click | 140 | |
| Select / deselect | 242 | |
| Select group hotkey | 93 | |
| Use ability | 32 | |
691 total
» units
| Peon | 14 | |
| Grunt | 4 | |
| Wind Rider | 18 | |
| Troll Batrider | 22 | |
58 total
» upgrades
| Pillage | 1 | |
| Liquid Fire | 1 | |
| Envenomed Spears | 1 | |
| Ranged Weapons | 2 | |
| Armor | 1 | |
6 total
» buildings
| Orc Burrow | 8 | |
| Altar of Storms | 1 | |
| Barracks | 1 | |
| War Mill | 1 | |
| Voodoo Lounge | 1 | |
| Stronghold | 1 | |
| Great Hall | 1 | |
| Beastiary | 3 | |
| Fortress | 1 | |
18 total
» build order
00:23 Orc Burrow
00:36 Altar of Storms
00:51 Barracks
01:29 War Mill
01:51 Orc Burrow
02:08 Voodoo Lounge
02:53 Orc Burrow
03:58 Stronghold
06:01 Orc Burrow
06:47 Great Hall
07:10 Beastiary
07:10 Beastiary
07:12 Beastiary
07:13 Fortress
08:28 Orc Burrow
11:34 Orc Burrow
18:48 Orc Burrow
18:50 Orc Burrow
» items
| Healing Salve | 1 | |
| Scroll of Speed | 1 | |
| Potion of Healing | 1 | |
3 total
Chat log
(00:13 / All) FromOutONowhere: I LIKE THE SCREAM OF THE BUTTERFLY
(00:17 / All) FromOutONowhere: I LIKE THE SCREAM OF THE BUTTERFLY
(00:25 / All) acidbath: dude
(00:39 / All) acidbath: i was listensing like 50 times just now
(00:52 / All) FromOutONowhere: I'm listening to forget her by jeff buckley on repeat
(01:09 / Allies) acidbath: nice nice
(01:46 / Allies) acidbath: what other bands you like?
(01:59 / All) FromOutONowhere: From kind of within that genre
(02:03 / All) FromOutONowhere: Tool, Faith No More
(02:07 / All) FromOutONowhere: Alice in Chains
(02:38 / All) FromOutONowhere: I like most alternative and indie rock
(02:44 / Allies) acidbath: got you
(03:09 / Allies) acidbath: any other bands similar to acid bath?
(03:15 / Allies) acidbath: hard to find one
(03:37 / Allies) Blade: orj
(03:43 / Allies) Blade: orange
(04:00 / Allies) Blade: open
(04:02 / Allies) Blade: usde fire
(04:04 / Allies) FromOutONowhere: yah
(04:16 / All) FromOutONowhere: I thought you were an ally red
(04:22 / All) FromOutONowhere: I was about to bitch about leeching exp
(04:26 / Allies) FromOutONowhere: wtf pink I'm gonna expo that
(04:40 / Allies) FromOutONowhere: that's why I got 12 peons
(04:41 / Allies) Blade: i mine
(04:42 / Allies) FromOutONowhere: on wood
(04:51 / Allies) FromOutONowhere: wow
(04:53 / Allies) FromOutONowhere: and you take item lol
(05:07 / Allies) FromOutONowhere: gloves on a dk
(05:23 / Allies) hiema: oj really
(05:25 / Allies) hiema: help
(05:27 / Allies) FromOutONowhere: nah
(05:34 / Allies) FromOutONowhere: fuck pink
(05:37 / Allies) hiema: u got towered bro
(06:16 / Allies) acidbath: gay towers
(07:40 / Allies) Blade: bye
(07:43 / Allies) FromOutONowhere: lawl
(07:52 / Allies) FromOutONowhere: he is a faggot
(08:01 / All) BelligerentMonk: pink got tower trolled
(08:10 / All) FromOutONowhere: this guy was a faggot
(08:24 / Allies) hiema: just make sure he doesnt tower up towards u
(09:02 / Allies) acidbath: units?
(09:04 / Allies) acidbath: air?
(09:29 / Allies) hiema: got air
(10:18 / Allies) hiema: back
(10:22 / Allies) hiema: ill get them
(10:36 / Allies) hiema: back
(11:10 / Allies) acidbath: sexy
(12:01 / All) FromOutONowhere: oops
(12:06 / Allies) acidbath: ?
(12:09 / All) BelligerentMonk: lol
(12:11 / Allies) FromOutONowhere: accidently hit a building
(14:08 / Allies) acidbath: wood?
(14:57 / Allies) acidbath: got it
(16:05 / All) BelligerentMonk: lol
(18:07 / Allies) acidbath: purp is so dumb
(18:46 / Allies) acidbath: all right there?
(19:41 / All) Oshlt: hmm im trying ot figure out how you saw his expo oj
(20:00 / All) BelligerentMonk: it's called maphacking
(20:08 / All) Oshlt: i def think soo
(20:20 / All) FromOutONowhere: it's called merc shop reveal
(20:28 / Allies) FromOutONowhere: freeze the towers
(20:42 / All) Shamwowsam: gg
(20:58 / Allies) FromOutONowhere: they thought they won lol
(21:10 / Allies) hiema: owend it
(21:25 / Allies) acidbath: you play guitar?
(21:52 / All) FromOutONowhere: I play karokee
(22:16 / All) hiema: really red a lil late??? pretty sure i raped ur team with that???
(22:30 / All) Oshlt: yah what you want me todo
(22:35 / All) Oshlt: purp and blue had nothing all game
(22:42 / All) Oshlt: teal tower rushed a undead
(22:59 / All) FromOutONowhere: I didn't help pink because he was a dumb faggot
(23:07 / All) FromOutONowhere: he wanted me to clear the path so he could take island expo
(23:12 / All) FromOutONowhere: when I had 12 peons to fast expo it
(23:15 / All) FromOutONowhere: and a blood mage for it
(23:22 / All) FromOutONowhere: he took gloves of haste for dk
(23:48 / All) Shamwowsam: I guess it's up to me
(23:50 / All) FromOutONowhere: red's dumb ass got surrounded trying to creep jack greens
(24:19 / All) FromOutONowhere: yellow check out "city escape" by teh dear hunter
(24:26 / All) FromOutONowhere: it's an awesome song and band
(24:28 / Allies) acidbath: k
(24:43 / Allies) acidbath: what is it ?
(24:57 / All) FromOutONowhere: they're indie rock
(25:01 / All) FromOutONowhere: but they're fairly heavy
(25:11 / All) FromOutONowhere: not screaming vocals tho
(25:29 / Allies) acidbath: what is it called again?
(25:44 / All) FromOutONowhere: city escape by the dear hunter
(25:48 / All) FromOutONowhere: dear not deer
(26:33 / All) Shamwowsam: hi